 Dungeon Crawl Stone Soup version 0.27.1-33-g824d729ab1 (webtiles) character file.

Game seed: 16998239738374176722

106 spiecas the Poker (level 4, -6/34 HPs)
             Began as a Merfolk Gladiator on Dec 20, 2021.
             Was an Initiate of Nemelex Xobeh.
             Killed from afar by an orc wizard (14 damage)
             ... with a puff of flame
             ... on level 3 of the Dungeon on Dec 22, 2021.
             The game lasted 00:15:26 (2381 turns).

spiecas the Poker (Merfolk Gladiator)               Turns: 2381, Time: 00:15:27

Health: -6/34      AC:  5    Str: 14    XL:     4   Next: 84%
Magic:  4/4        EV: 17    Int:  7    God:    Nemelex Xobeh [......]
Gold:   69         SH:  0    Dex: 16    Spells: 3/3 levels left

rFire    . . .     SeeInvis .   a - +0 trident
rCold    . . .     Faith    .   (no shield)
rNeg     . . .     Spirit   .   b - +0 leather armour
rPois    +         Reflect  .   c - +1 helmet
rElec    .         Harm     .   e - scarf {repulsion}
rCorr    .         Rampage  .   (no gloves)
Will     .....                  (no boots)
Stlth    +.........             (no amulet)
HPRegen  0.11/turn              f - +4 ring of evasion
MPRegen  0.09/turn              j - ring of poison resistance

@: confused, repel missiles
A: (nimble swimmer 2), mertail
a: Renounce Religion, Draw Escape, Draw Destruction, Draw Summoning


You were on level 3 of the Dungeon.
You worshipped Nemelex Xobeh.
Nemelex Xobeh was noncommittal.
You visited 1 branch of the dungeon, and saw 3 of its levels.

You collected 139 gold pieces.
You spent 70 gold pieces at shops.

Inventory:

Hand Weapons
 a - a +0 trident (weapon)
 m - a +0 short sword
Missiles
 d - 3 throwing nets (quivered)
Armour
 b - a +0 leather armour (worn)
 c - a +1 helmet (worn)
 e - a scarf of repulsion (worn)
Jewellery
 f - a +4 ring of evasion (left hand)
 j - a ring of poison resistance (right hand)
Scrolls
 l - a scroll of amnesia {unknown}
Potions
 i - a potion of brilliance {unknown}
 k - a potion of haste
 n - a potion of curing {unknown}


   Skills:
 - Level 2.6 Fighting
 + Level 1.8 Short Blades
 - Level 6.1 Polearms
 - Level 2.0 Throwing
 - Level 0.2 Armour
 - Level 4.8 Dodging
 - Level 1.0 Stealth


You had 3 spell levels left.
You didn't know any spells.
Your spell library was empty.

Dungeon Overview and Level Annotations

Branches:
Dungeon (3/15)

Altars:
Cheibriados
Nemelex Xobeh
Qazlal
Uskayaw
Wu Jian
The Shining One

Shops:
D:2 !

Annotations:
D:3 Jessica


Innate Abilities, Weirdness & Mutations

((You are quick and stealthy near water. (Stealth+, EV+, Speed+++)))
Your lower body shifts to a powerful aquatic tail in water.


Message History

Items here: )) [ †.
You hit the orc.
The orc is heavily wounded.
You closely miss the orc.
The orc is heavily wounded.
The orc barely misses you. Something hits you.
You barely miss the orc.
The orc is heavily wounded.
The orc hits you with a +2 vampiric whip.
* * * LOW HITPOINT WARNING * * *
The orc draws strength from your wounds!
Something barely misses you.
You barely miss the orc. The orc misses you. Something hits you.
* * * LOW HITPOINT WARNING * * *
You feel much better. The orc hits you but does no damage. Something hits you.
You barely miss the orc.
The orc hits you with a +2 vampiric whip.
Something hits you but does no damage.
You hit the orc.
The orc is heavily wounded.
The orc barely misses you. Something hits you.
You hit the orc.
You kill the orc!
You hear some strange, mumbled words.
You are confused.
You closely miss the orc. Something hits you. The orc hits you with a +0 flail.
You bump into the rock wall.
Something hits you but does no damage. The orc closely misses you.
You bump into the rock wall.
You hear some strange, mumbled words.
A magic dart appears from out of thin air!
The magic dart hits you.
* * * LOW HITPOINT WARNING * * *
The orc barely misses you.
You barely miss the orc.
You hear some strange, mumbled words.
A puff of flame appears from out of thin air!
The puff of flame hits you!
You die...
Your body disappears without a glow.

..##.##...##
#..............#
###...#####
#########...####
..+ . #.### .##
#.# ..# #.# #.#
#.# #o# #.# #o#
#.# #@# #.# #{##
#.# #..# #†#
##.## #.#
#..###.#
#########
#......#
#.......#
#......#
#.#####.#
#......# #.# #.#
###.##.#


You could see 2 orcs.

Vanquished Creatures
  An orc wizard (D:3)
  3 adders (D:2)
  A worm (D:2)
  A dart slug (D:1)
  2 orcs (D:3)
  4 ball pythons
  4 bats
  5 endoplasms
  A giant cockroach (D:1)
  9 goblins
  5 hobgoblins
  2 quokkas (D:1)
  4 frilled lizards
  3 kobolds
  6 rats
51 creatures vanquished.

Notes
Turn   | Place    | Note
-------+----------+-------------------------------------------
     0 | D:1      | spiecas the Merfolk Gladiator began the quest for the Orb.
     0 | D:1      | Reached XP level 1. HP: 16/16 MP: 1/1
    41 | D:1      | Found a faded altar of an unknown god.
   276 | D:1      | Reached XP level 2. HP: 19/22 MP: 2/2
   294 | D:1      | Identified a scroll of acquirement
   294 | D:1      | Acquired a scarf of repulsion
   441 | D:1      | Reached skill level 5 in Polearms
   756 | D:1      | Reached XP level 3. HP: 27/27 MP: 3/3
  1214 | D:2      | Found Lofuzori's Distillery.
  1333 | D:2      | Bought a potion of heal wounds for 70 gold pieces
  1369 | D:2      | Reached skill level 6 in Polearms
  1369 | D:2      | Reached XP level 4. HP: 32/34 MP: 4/4
  1447 | D:2      | Reached skill level 1 in Stealth
  1953 | D:3      | Found a hide-covered altar of Uskayaw.
  1962 | D:3      | Found a stormy altar of Qazlal.
  1971 | D:3      | Found a glowing golden altar of the Shining One.
  1987 | D:3      | Found a snail-covered altar of Cheibriados.
  2016 | D:3      | Found a sparkling altar of Nemelex Xobeh.
  2032 | D:3      | Became a worshipper of Nemelex Xobeh the Trickster
  2182 | D:3      | Found an ornate altar of the Wu Jian Council.
  2227 | D:3      | Noticed Jessica
  2369 | D:3      | Reached skill level 1 in Short Blades
  2381 | D:3      | Killed from afar by an orc wizard

Illustrated notes

Levels and vault maps discovered:
D:1:      tarquinn_simple_flora_water_f, layout_rooms,
          hellmonk_ecumenical_altar_run_dry
D:2:      layout_loops_ring, serial_shops, nicolae_shop_statue_plus,
          minmay_tromino_mix6
D:3:      layout_basic, nemelex_xobeh_ov_fountains_minmay,
          grunt_temple_overflow_cloverleaf, mainiacjoe_overflow_small_starburst,
          mainiacjoe_overflow_alcove_4, uniq_jessica

Skill      XL: |  1  2  3  4 |
---------------+-------------+-----
Polearms       | 5 6 |  6.1
Stealth        | 1 |  1.0
Short Blades   | 1 |  1.8
Fighting       | |  2.6
Throwing       | |  2.0
Armour         | |  0.2
Dodging        | |  4.8

Action                   |  1- 3 |  4- 6 || total
-------------------------+-------+-------++-------
Melee: Trident           |   126 |    29 ||   155
       Short sword       |       |    32 ||    32
  Use: Scroll            |     3 |       ||     3
       Potion            |       |     3 ||     3
 Stab: Sleeping          |     2 |     2 ||     4
Armor: Leather armour    |    21 |    18 ||    39
       Skin              |       |    35 ||    35
Dodge: Dodged            |   110 |    52 ||   162
       Repelled          |       |     1 ||     1
